 Dungeon Crawl Stone Soup version 0.29.0 (webtiles) character file.

Game seed: 6352714863764972507

41 tchen the Chiller (level 3, -4/26 HPs)
             Began as a Demigod Ice Elementalist on Sept 1, 2022.
             Killed by nerve-wracking pain
             ... invoked by an orc priest
              (13 damage)
             ... on level 2 of the Dungeon.
             The game lasted 00:02:02 (1277 turns).

tchen the Chiller (Demigod Ice Elementalist)        Turns: 1277, Time: 00:02:04

Health: -4/26      AC:  4    Str:  9    XL:     3   Next: 16%
Magic:  5/8        EV: 12    Int: 21    God:
Gold:   64         SH:  0    Dex: 14    Spells: 1/5 levels left

rFire   . . .      SeeInvis .   f - +0 rapier
rCold   . . .      Faith    .   (no shield)
rNeg    . . .      Spirit   .   a - +0 robe
rPois   .          Reflect  .   (no helmet)
rElec   .          Harm     .   (no cloak)
rCorr   .          Rampage  .   c - +1 pair of gloves
Will    .....                   (no boots)
Stlth   ++........              (no amulet)
HPRegen 0.08/turn               (no ring)
MPRegen 0.11/turn               (no ring)

@: about to teleport, freezing walls
A: high MP 1, forlorn, divine attributes
a: no special abilities


You were on level 2 of the Dungeon.
You visited 1 branch of the dungeon, and saw 2 of its levels.

You collected 64 gold pieces.

Inventory:

Hand Weapons
 f - a +0 rapier (weapon)
Armour
 a - a +0 robe (worn)
 c - a +1 pair of gloves (worn)
Scrolls
 i - a scroll of noise
 j - a scroll of magic mapping {unknown}
Potions
 b - a potion of magic
 d - a potion of attraction {unknown}
 g - a potion of curing {unknown}
 h - a potion of flight {unknown}
 k - a potion of brilliance {unknown}


   Skills:
 - Level 1.7 Dodging
 - Level 1.7 Stealth
 - Level 1.7 Spellcasting
 + Level 4.7 Ice Magic


You had one spell level left.
You knew the following spells:

 Your Spells              Type           Power      Damage    Failure   Level
a - Freeze                Ice            84%        1d10      2%          1
b - Frozen Ramparts       Ice            42%        1d7       6%          3

Your spell library contained the following spells:

 Spells                   Type           Power      Damage    Failure   Level
 Ozocubu's Armour         Ice            21%        N/A       6%          3
 Hailstorm                Conj/Ice       11%        3d5       50%         4


Dungeon Overview and Level Annotations

Branches:
Dungeon (2/15)

Annotations:
D:2 Natasha


Innate Abilities, Weirdness & Mutations

You have an increased reservoir of magic. (+10% MP)
You shall have no god before yourself.
Your divine heritage dramatically boosts your attributes as you level up.


Message History

Something tries to affect you, but you resist.
Casting: Freeze (safe; 2% risk of failure)
Confirm with . or Enter, or press ? or * to list all spells.
The spell is quite dangerous to miscast (7% risk of failure)!
Continue anyway?
Okay, then.
Casting: Frozen Ramparts (quite dangerous; 7% risk of failure)
Confirm with . or Enter, or press ? or * to list all spells.
The spell is quite dangerous to miscast (7% risk of failure)!
Continue anyway?
Casting: Frozen Ramparts (quite dangerous; 7% risk of failure)
Press: ? - help, Dir - look around, f - activate The walls around you are covered in ice.
Natasha hisses angrily.
The wall freezes the orc but does no damage.
The orc priest looks braver for a moment.
The wall freezes the orc.
You barely miss the orc. You punch the orc.
You kill the orc!
The wall freezes the orc.
The orc throws a boomerang.
The boomerang hits you.
The wall freezes something.
You hear some strange, mumbled words.
A puff of flame appears from out of thin air!
The puff of flame misses you.
The orc priest mumbles some strange prayers to Beogh against something.
Beogh smites you!
Ouch! That really hurt!
Okay, then.
As you read the scroll labelled PEIHAI ASISO, it crumbles to dust.
You hear a loud clanging noise!
It was a scroll of noise.
You hear an angry hiss.
You hear a shout! x3; You hear an angry hiss.
You hear a shout!
The wall freezes Natasha!
The wall freezes something.
The wall freezes Natasha.
Natasha casts a spell.
As you read the scroll labelled ATEBEA ZIUPIR, it crumbles to dust.
You feel strangely unstable.
It was a scroll of teleportation.
The wall freezes something.
Something hits you.
The orc priest invokes the aid of Beogh against you.
Pain shoots through your body!
Ouch! That really hurt!
You die...

####################
...................###
###############......#
#......# #......#
###########.###
........{@..#
........).#...#
#.......#h#.#..#
#.8..o8o#5#.##..+
#.......#.#.# ###
#.......#.#..
#.......#.#..
#.8...8.#.#.#
#.......#.#


You could see an orc priest, an orc wizard, Natasha and a crimson imp
(summoned).

Vanquished Creatures
  Natasha (D:2)
  A dart slug (D:1)
  An orc (D:2)
  A goblin (D:1)
  A hobgoblin (D:1)
  A quokka (D:1)
  4 ball pythons (D:1)
  A bat (D:1)
  A kobold (D:1)
  A rat (D:1)
13 creatures vanquished.

Notes
Turn   | Place    | Note
-------+----------+-------------------------------------------
     0 | D:1      | tchen the Demigod Ice Elementalist began the quest for the
                  | Orb.
     0 | D:1      | Reached XP level 1. HP: 14/14 MP: 5/5
   368 | D:1      | Reached skill level 4 in Ice Magic
   620 | D:1      | Reached XP level 2. HP: 15/20 MP: 4/7
  1128 | D:2      | Noticed Natasha
  1132 | D:2      | Killed Natasha
  1133 | D:2      | Reached XP level 3. HP: 17/26 MP: 4/8
  1137 | D:2      | Learned a level 3 spell: Frozen Ramparts
  1272 | D:2      | Noticed Natasha
  1277 | D:2      | Killed from afar by an orc priest

Illustrated notes

Levels and vault maps discovered:
D:1:      nzn_arrival_depleted_hourglass, layout_basic
D:2:      cheibrodos_pilgrimage, layout_basic, uniq_natasha, uniq_robin

Skill      XL: |  1 |
---------------+----+-----
Ice Magic      | 4 |  4.7
Dodging        | |  1.7
Stealth        | |  1.7
Spellcasting   | |  1.7

Action                   || total
-------------------------++-------
Melee: Unarmed           ||     3
       Rapier            ||     6
       Punch             ||     1
 Cast: Freeze            ||    13
       Frozen Ramparts   ||     1
  Use: Scroll            ||     2
Armor: Robe              ||     3
Dodge: Dodged            ||     7
